Map: Ephemeron LE

Players

Ratl

  • Race: Protoss Protoss
  • League: Silver
  • Spawn Location: 11:00

Fenrir - Winner!

  • Race: Protoss Protoss
  • League: Gold
  • Spawn Location: 5:00

VOD

Have the link to the VOD?

Description

Time

  • Played on: Feb. 8, 2020, 9:56 a.m.
  • Length: 14:28
Show
View Real Time Build Order
Export as new Build Order

Ratl Protoss 

Build Orders:  

Get SALT Encoding   

  12  0:01  Probe  
  13  0:16  Probe  
  13  0:19  Pylon  
  14  0:28  Probe  
  15  0:40  Probe (Chrono Boost), Gateway  
  16  0:49  Assimilator  
  17  0:51  Probe (Chrono Boost)  
  17  0:56  Probe (Chrono Boost)  
  18  1:06  Probe  
  19  1:13  Gateway  
  19  1:18  Probe  
  19  1:23  Assimilator  
  20  1:30  Probe  
  21  1:37  Cybernetics Core  
  21  1:43  Probe  
  22  1:55  Probe  
  23  2:16  Pylon  
  23  2:25  Nexus  
  23  2:34  Probe  
  23  2:35  Stalker  
  26  2:39  Stalker  
  28  2:44  Warp Gate (Chrono Boost)  
  28  2:46  Probe  
  29  2:58  Probe  
  30  3:02  Robotics Facility  
  30  3:10  Probe  
  31  3:25  Pylon  
  31  3:36  Probe, Stalker x2  
  31  3:39  Probe  
  37  3:48  Probe  
  37  3:50  Pylon  
  37  3:51  Probe  
  37  3:55  Observer  
  40  4:05  Probe x2  
  40  4:09  Stalker x2  
  45  4:17  Probe  
  45  4:18  Probe  
  47  4:29  Immortal  
  47  4:30  Probe x2  
  53  4:32  Pylon  
  53  4:42  Probe x2  
  53  4:43  Pylon  
  55  4:50  Assimilator  
  55  4:53  Stalker x2  
  55  4:54  Probe x2  
  61  5:04  Twilight Council  
  61  5:05  Robotics Bay  
  61  5:15  Probe x2  
  61  5:17  Observer  
  64  5:27  Probe x2  
  66  5:39  Probe x2  
  66  5:40  Sentry x2  
  72  5:43  Warp Prism  
  72  5:44  Nexus  
  74  5:51  Probe  
  74  5:55  Extended Thermal Lance  
  74  5:56  Probe  
  76  6:01  Assimilator  
  76  6:03  Probe  
  77  6:08  Probe  
  77  6:15  Probe  
  78  6:31  Pylon  
  78  6:35  Pylon  
  78  6:41  Pylon  
  78  6:44  Gateway  
  78  6:45  Gateway  
  78  6:46  Charge  
  78  6:47  Gateway  
  78  6:48  Gateway, Colossus  
  78  6:49  Probe x2  
  86  6:57  Probe  
  87  7:01  Probe x2  
  89  7:09  Probe, Zealot x2  
  89  7:13  Probe x2  
  96  7:15  Assimilator  
  96  7:17  Assimilator  
  96  7:21  Probe  
  97  7:25  Probe  
  97  7:28  Probe  
  99  7:33  Probe  
  99  7:37  Probe  
  99  7:39  Colossus (Chrono Boost)  
  99  7:40  Probe  
  107  7:46  Probe  
  107  7:49  Probe  
  109  7:52  Forge x2  
  109  7:56  Gateway  
  109  8:11  Zealot x2  
  113  8:29  Robotics Facility  
  113  8:31  Pylon  
  113  8:36  Photon Cannon  
  113  8:55  Observer  
  119  8:59  Photon Cannon, Zealot x2  
  119  9:00  Zealot x3  
  124  9:04  Protoss Ground Weapons Level 1 (Chrono Boost), Protoss Ground Armor Level 1 (Chrono Boost)  
  124  9:11  Pylon  
  124  9:15  Pylon, Photon Cannon, Observer (Chrono Boost)  
  124  9:16  Photon Cannon  
  125  9:22  Photon Cannon  
  125  9:26  Pylon  
  125  9:27  Pylon  
  125  9:28  Pylon  
  125  9:29  Colossus (Chrono Boost)  
  131  9:33  Photon Cannon  
  131  9:38  Stalker x5  
  141  9:53  Dark Shrine  
  141  10:00  Colossus  
  141  10:03  Nexus  
  147  10:14  Stalker  
  147  10:15  Stalker x4  
  147  10:16  Stalker x2  
  161  10:35  Pylon  
  161  10:38  Pylon  
  161  10:40  Protoss Ground Weapons Level 2 (Chrono Boost), Protoss Ground Armor Level 2 (Chrono Boost)  
  161  10:49  Photon Cannon  
  161  10:53  Colossus  
  161  10:55  Colossus  
  173  11:00  Observer  
  173  11:06  Photon Cannon  
  173  11:10  Dark Templar x4  
  181  11:17  Forge  
  172  11:56  Stalker x2  
  172  11:57  Stalker x4  
  172  11:58  Stalker  
  186  12:13  Protoss Shields Level 1 (Chrono Boost)  
  192  12:38  Pylon  
  192  12:39  Colossus (Chrono Boost)  
  192  12:40  Pylon  
  192  12:41  Pylon  
  193  12:44  Observer (Chrono Boost)  
  153  13:54  Stalker x5  
  153  13:55  Stalker  
  88  14:14  Stalker  
Show
View Real Time Build Order
Export as new Build Order

Fenrir Protoss - Winner!

Build Orders: 1 Gate Expand, Zealot Archon 

Get SALT Encoding   

  12  0:02  Probe (Chrono Boost)  
  13  0:12  Probe (Chrono Boost)  
  14  0:17  Probe (Chrono Boost)  
  15  0:30  Pylon  
  15  0:39  Assimilator  
  15  0:48  Probe  
  16  0:50  Gateway  
  16  1:01  Probe  
  17  1:18  Nexus  
  17  1:20  Probe (Chrono Boost)  
  19  1:33  Probe (Chrono Boost)  
  19  1:34  Assimilator  
  19  1:39  Probe (Chrono Boost)  
  20  1:48  Cybernetics Core  
  20  2:01  Gateway  
  20  2:09  Probe (Chrono Boost)  
  20  2:15  Pylon  
  21  2:18  Probe (Chrono Boost)  
  22  2:24  Probe (Chrono Boost)  
  23  2:31  Probe (Chrono Boost)  
  24  2:39  Warp Gate  
  24  2:41  Probe (Chrono Boost)  
  24  2:44  Stalker  
  27  2:45  Probe (Chrono Boost)  
  27  2:48  Stalker  
  30  2:57  Probe  
  31  3:01  Forge  
  31  3:10  Probe (Chrono Boost)  
  33  3:14  Probe (Chrono Boost)  
  33  3:19  Pylon  
  34  3:20  Probe (Chrono Boost)  
  34  3:25  Probe (Chrono Boost)  
  34  3:33  Assimilator  
  35  3:35  Assimilator  
  35  3:37  Probe  
  35  3:40  Photon Cannon  
  36  3:42  Photon Cannon  
  36  3:50  Twilight Council  
  36  3:51  Probe (Chrono Boost)  
  36  3:55  Probe (Chrono Boost)  
  38  4:04  Probe (Chrono Boost)  
  38  4:09  Probe (Chrono Boost)  
  40  4:21  Probe  
  40  4:22  Robotics Facility  
  41  4:26  Robotics Facility  
  41  4:28  Protoss Shields Level 1 (Chrono Boost)  
  41  4:30  Blink  
  41  4:33  Probe  
  42  4:40  Templar Archives  
  42  4:43  Pylon  
  42  4:46  Pylon  
  42  4:53  Probe (Chrono Boost)  
  44  5:02  Probe (Chrono Boost)  
  44  5:03  Probe (Chrono Boost)  
  45  5:07  Probe (Chrono Boost)  
  45  5:10  Probe  
  47  5:19  Probe  
  48  5:22  Probe, Nexus  
  48  5:23  High Templar  
  48  5:24  High Templar  
  53  5:29  Pylon  
  53  5:31  Probe  
  53  5:34  Probe  
  55  5:39  Observer  
  55  5:40  Observer  
  55  5:41  Assimilator  
  57  5:45  Assimilator  
  57  5:46  Probe, Photon Cannon  
  58  6:00  Stalker x2  
  62  6:15  Photon Cannon  
  62  6:17  Photon Cannon  
  62  6:20  Probe x2  
  64  6:32  Probe x2  
  66  6:37  Archon  
  66  6:39  Psionic Storm  
  66  6:41  Immortal  
  66  6:42  Immortal  
  66  6:44  Probe x2  
  76  6:56  Probe x2  
  78  7:01  Robotics Bay  
  78  7:06  Stargate  
  78  7:07  Stargate  
  78  7:08  Probe  
  78  7:09  Probe  
  78  7:11  Gateway  
  78  7:12  Gateway  
  78  7:14  Gateway x2  
  80  7:23  Immortal  
  84  7:38  High Templar  
  84  7:39  High Templar  
  84  7:43  Protoss Ground Weapons Level 1 (Chrono Boost)  
  88  7:54  Forge x2  
  88  8:00  Void Ray  
  92  8:11  Charge, Dark Shrine  
  92  8:25  Pylon  
  92  8:27  Pylon x2  
  92  8:31  Pylon  
  92  8:32  Pylon  
  92  8:33  Pylon  
  92  8:43  Void Ray (Chrono Boost)  
  96  8:51  Fleet Beacon  
  96  8:53  Protoss Shields Level 2  
  96  8:56  Protoss Ground Armor Level 1  
  96  9:11  Cybernetics Core  
  96  9:13  Zealot  
  96  9:14  Zealot x3  
  96  9:15  Zealot x2  
  108  9:23  Void Ray (Chrono Boost)  
  112  9:25  Protoss Air Weapons Level 1  
  112  9:27  Void Ray (Chrono Boost)  
  116  9:49  Nexus  
  116  9:52  Pylon, Unknown  
  124  9:55  Pylon  
  124  9:56  High Templar x2  
  124  9:57  High Templar x2, Assimilator  
  124  9:59  Mothership (Chrono Boost)  
  132  10:02  Archon x2  
  132  10:03  Assimilator  
  132  10:14  Photon Cannon  
  132  10:15  Photon Cannon  
  132  10:20  Photon Cannon  
  132  10:25  Photon Cannon  
  132  10:26  Photon Cannon  
  132  10:30  Probe (Chrono Boost)  
  134  10:38  Probe (Chrono Boost)  
  134  10:41  Probe (Chrono Boost)  
  135  10:45  Probe (Chrono Boost), Immortal x2  
  135  10:47  Probe (Chrono Boost)  
  135  10:48  Stalker x2  
  135  10:49  Stalker  
  151  10:50  Probe (Chrono Boost)  
  151  10:56  Probe, Protoss Air Armor Level 1  
  153  11:02  Probe, Protoss Ground Weapons Level 2  
  154  11:06  Gravitic Boosters  
  154  11:09  Probe (Chrono Boost)  
  155  11:17  Probe (Chrono Boost)  
  155  11:18  Probe (Chrono Boost)  
  157  11:28  Probe (Chrono Boost)  
  157  11:30  Carrier  
  157  11:31  Carrier  
  170  11:33  Probe (Chrono Boost)  
  171  11:44  Probe  
  172  12:09  Pylon  
  172  12:10  Pylon  
  172  12:13  Photon Cannon  
  172  12:14  Photon Cannon  
  172  12:22  Pylon  
  172  12:24  Pylon  
  172  12:27  Probe  
  172  12:28  Observer x2  
  175  12:48  Warp Prism x2  
  179  13:19  Nexus  
  179  13:23  Assimilator  
  179  13:26  Assimilator  
  179  13:31  Pylon  
  179  13:33  Pylon  
  179  13:36  Pylon  
  179  13:39  Pylon  
  143  13:54  Zealot x2  
  143  13:55  Zealot x4  
Tags
 
Composition
Zealot Archon
Matchup
PvP
Spawn Locations
Cross Positions
Add a new tag
Caveats
  • Supply blocks, unpowered buildings, or Contaminate may cause inaccurate times.
  • Supply counts are checked every 10 seconds.